 Dungeon Crawl Stone Soup version 0.29.1-15-g9cfb28693d (webtiles) character file.

Game seed: 701865164576968648

69 protoss039 the Digger (level 4, 33/33 HPs)
             Began as a Demonspawn Earth Elementalist on Mar 12, 2023.
             Got out of the dungeon alive.
             The game lasted 00:01:26 (1949 turns).

protoss039 the Digger (DsEE)                        Turns: 1949, Time: 00:01:27

Health: 33/33      AC:  9    Str:  9    XL:     4   Next: 2%
Magic:  8/8        EV: 10    Int: 18    God:
Gold:   95         SH:  4    Dex: 13    Spells: 5/8 levels left

rFire   . . .      SeeInvis .   l - +1 dagger (drain)
rCold   . . .      Faith    .   (no shield)
rNeg    . . .      Spirit   .   g - +0 ring mail
rPois   .          Reflect  .   i - +0 helmet
rElec   .          Harm     .   c - +0 cloak
rCorr   .          Rampage  .   (no gloves)
Will    .....                   (no boots)
Stlth   +.........              (no amulet)
HPRegen 0.11/turn               (no ring)
MPRegen 0.11/turn               (no ring)

@: no status effects
A: icy blue scales 1, spiny 1, condensation shield
a: no special abilities


You escaped.
You visited 1 branch of the dungeon, and saw 2 of its levels.

You collected 95 gold pieces.

Inventory:

Hand Weapons
 l - a +1 dagger of draining (weapon)
Armour
 c - a +0 cloak (worn)
 g - a +0 ring mail (worn)
 i - a +0 helmet (worn)
Magical Staves
 e - a staff of cold
Scrolls
 d - 5 scrolls of identify {unknown}
 h - 2 scrolls of teleportation {unknown}
 k - 2 scrolls of enchant weapon {unknown}
 m - a scroll of noise {unknown}
 n - a scroll of silence {unknown}
Potions
 a - a potion of might {unknown}
 b - a potion of magic
 f - a potion of flight {unknown}
 j - a potion of invisibility {unknown}
 o - a potion of heal wounds {unknown}


   Skills:
 + Level 1.9 Fighting
 - Level 1.7 Dodging
 - Level 1.7 Stealth
 + Level 2.8 Spellcasting
 - Level 0.8 Transmutations
 + Level 3.3 Earth Magic


You had 5 spell levels left.
You knew the following spells:

 Your Spells              Type           Power      Damage    Failure   Level
a - Sandblast             Erth           28%        2d8       12%         1
b - Passwall              Tmut/Erth      8%         N/A       30%         2

Your spell library contained the following spells:

 Spells                   Type           Power      Damage    Failure   Level
 Beastly Appendage        Tmut           10%        N/A       32%         1
 Wereblood                Tmut           5%         N/A       45%         2
 Stone Arrow              Conj/Erth      16%        3d8       56%         3
 Spider Form              Tmut/Pois      4%         N/A       75%         3
 Petrify                  Tmut/Erth      10%        N/A       89%         4


Dungeon Overview and Level Annotations

Branches:
Dungeon (2/15) Zot: 10046

Altars:


Innate Abilities, Weirdness & Mutations

You are partially covered in icy blue scales. (AC +2)
You are partially covered in sharp spines.
A meltable shield of frost defends you. (SH +4)


Message History

The adder hisses angrily.
An adder is nearby!
An adder is nearby!
You barely miss the adder. The adder bites you but does no damage.
An adder is nearby!
You hit the adder.
The adder is moderately wounded.
The adder closely misses you.
An adder is nearby!
Casting: Sandblast (safe; 13% risk of failure)
Confirm with . or Enter, or press ? or * to list all spells.
Aiming: Sandblast (safe; 13% risk of failure)
Press: ? - help, Shift-Dir - straight line, f - adder
Aim: an adder (moderately wounded, 70% to hit)
The blast of sand misses the adder.
The adder is struck by your spines. The adder bites you but does no damage.
The adder barely misses you.
Unknown command.
Unknown command.
Casting: Sandblast (safe; 13% risk of failure)
Confirm with . or Enter, or press ? or * to list all spells.
Aiming: Sandblast (safe; 13% risk of failure)
Press: ? - help, Shift-Dir - straight line, f/p - adder
Aim: an adder (heavily wounded, 70% to hit)
The blast of sand misses the adder.
The adder is struck by your spines. The adder closely misses you.
The adder is struck by your spines.
You kill the adder!
You have reached level 4!
You feel stronger.
Your demonic ancestry asserts itself...
Frost condenses into a shield before you.
(D) Dungeon
Where to? (Enter - D:1 @ (x,y), ? - help)
What level of the Dungeon? (default 1, ? - help)
There is a stone staircase leading up here.
You climb upwards.
There is a stone staircase leading down here.
There is an open door here.
There is an open door here.
There is a staircase leading out of the dungeon here.
Are you sure you want to leave the Dungeon?
This will make you lose the game!
You have escaped!

#.#####.######.# #.......#
#.# ######### #.# #.#####
#.#...## #####..###.# ##
#......# #.# .# ##.###..#
#.# .#
##########@>############ .#
#......................####
.#
#.##..##......##..##...#...
.#
#......................####
.####
#.######......######...#...
....#
#......................#..#
....#
#.####################.#..#
....# #......# ##...##
#....# ....###..###.#
##.....## ###..#


There were no monsters in sight!

Vanquished Creatures
  2 adders (D:2)
  A dart slug (D:1)
  A worm (D:2)
  3 orcs (D:2)
  6 ball pythons
  2 bats
  3 endoplasms
  A giant cockroach (D:2)
  6 goblins
  5 hobgoblins
  3 jackals (D:2)
  3 frilled lizards
  3 kobolds
  3 rats
42 creatures vanquished.

Notes
Turn   | Place    | Note
-------+----------+-------------------------------------------
     0 | D:1      | protoss039 the Demonspawn Earth Elementalist began the
                  | quest for the Orb.
     0 | D:1      | Reached XP level 1. HP: 13/13 MP: 3/3
   284 | D:1      | Gained mutation: You are partially covered in sharp spines.
                  | [demonic ancestry]
   284 | D:1      | Reached XP level 2. HP: 19/20 MP: 3/5
   621 | D:1      | Reached skill level 1 in Fighting
   862 | D:1      | Reached skill level 3 in Earth Magic
   993 | D:1      | Learned a level 2 spell: Passwall
  1302 | D:2      | Gained mutation: You are partially covered in icy blue
                  | scales. (AC +2) [demonic ancestry]
  1302 | D:2      | Reached XP level 3. HP: 26/26 MP: 6/6
  1768 | D:2      | Found a faded altar of an unknown god.
  1852 | D:2      | Gained mutation: A meltable shield of frost defends you.
                  | (SH +4) [demonic ancestry]
  1852 | D:2      | Reached XP level 4. HP: 33/33 MP: 5/8
  1949 | D:$      | Got out of the dungeon alive.

Illustrated notes

Levels and vault maps discovered:
D:1:      dpeg_arrival_line_fractal, layout_loops_corners, serial_park_tiny_2
D:2:      layout_basic, basic_ecumenical_altar, nicolae_kite_square_tiling_tiny,
          kennysheep_path_1, guppyfry_early_orc_mine

Skill      XL: |  1  2 |
---------------+-------+-----
Fighting       | 1 |  1.9
Earth Magic    | 3 |  3.3
Dodging        | |  1.7
Stealth        | |  1.7
Spellcasting   | |  2.8
Transmutations | |  0.8

Action                   |  1- 3 |  4- 6 || total
-------------------------+-------+-------++-------
Melee: Dagger            |    80 |       ||    80
 Cast: Sandblast         |    12 |       ||    12
Armor: Ring mail         |    37 |       ||    37
Dodge: Dodged            |    37 |       ||    37
